 Dungeon Crawl Stone Soup version 0.27-a0-1287-gca74d27db6 (webtiles) character file.

Game seed: 1853385361344850071

545 freelancePsychic the Changer (level 7, -10/52 HPs)
             Began as a Demonspawn Brigand on June 15, 2021.
             Was a Priest of Sif Muna.
             Mangled by an ogre (18 damage)
             ... on level 5 of the Dungeon.
             The game lasted 00:16:24 (4621 turns).

freelancePsychic the Changer (Demonspawn Brigand)   Turns: 4621, Time: 00:16:24

Health: -10/52     AC:  4    Str: 11    XL:     7   Next: 6%
Magic:  7/7        EV: 11    Int: 14    God:    Sif Muna [***...]
Gold:   191        SH:  0    Dex: 15    Spells: 3/6 levels left

rFire    . . .     SeeInvis .   a - +3 dagger
rCold    . . .     Faith    .   (no shield)
rNeg     . . .     Spirit   .   b - +0 robe
rPois    .         Reflect  .   (no helmet)
rElec    .         Harm     .   c - +1 cloak
rCorr    .         Rampage  .   (no gloves)
Will     .....                  (no boots)
Stlth    ++........             (no amulet)
HPRegen  0.17/turn              (no ring)
MPRegen  0.10/turn              (no ring)

@: no status effects
A: powered by death 3
a: Renounce Religion, Channel Magic, Forget Spell


You were on level 5 of the Dungeon.
You worshipped Sif Muna.
Sif Muna was most pleased with you.
You visited 1 branch of the dungeon, and saw 5 of its levels.

You collected 191 gold pieces.

Inventory:

Hand Weapons
 a - a +3 dagger (weapon)
Missiles
 d - 14 poisoned darts (quivered)
 f - 2 boomerangs
 j - a throwing net
Armour
 b - a +0 robe (worn)
 c - a +1 cloak (worn)
Jewellery
 k - an amulet of magic regeneration
 m - a +6 ring of dexterity
Wands
 l - a wand of digging (6)
Scrolls
 g - 3 scrolls of amnesia
 p - a scroll of enchant armour
Potions
 e - a potion of ambrosia {unknown}
 i - a potion of cancellation {unknown}
 o - 2 potions of magic


   Skills:
 + Level 3.3 Fighting
 - Level 1.7 Short Blades
 - Level 2.3 Throwing
 - Level 0.8 Dodging
 - Level 3.6 Stealth
 + Level 2.9 Unarmed Combat
 - Level 0.3 Spellcasting
 - Level 3.9 Transmutations
 - Level 2.9 Poison Magic
 - Level 1.0 Invocations


You had 3 spell levels left.
You knew the following spells:

 Your Spells              Type           Power      Damage    Failure   Level
a - Spider Form           Tmut/Pois      4%         N/A       21%         3

Your spell library contained the following spells:

 Spells                   Type           Power      Damage    Failure   Level
 Beastly Appendage        Tmut           22%        N/A       6%          1
 Wereblood                Tmut           11%        N/A       9%          2
 Animate Skeleton         Necr           0%         N/A       28%         1
 Corona                   Hex            0%         N/A       28%         1
 Magic Dart               Conj           0%         1d3       28%         1
 Pain                     Necr           0%         1d4       28%         1
 Blink                    Tloc           N/A        N/A       41%         2
 Call Imp                 Summ           0%         N/A       41%         2
 Ensorcelled Hibernation  Hex/Ice        0%         N/A       41%         2
 Slow                     Hex            0%         N/A       41%         2
 Mephitic Cloud           Conj/Pois/Air  2%         N/A       50%         3
 Confusing Touch          Hex            0%         N/A       65%         3
 Conjure Flame            Conj/Fire      0%         6-21      65%         3
 Dazzling Flash           Conj/Hex       0%         N/A       65%         3
 Tukima's Dance           Hex            0%         N/A       65%         3
 Vampiric Draining        Necr           0%         2d6       65%         3
 Ice Form                 Ice/Tmut       5%         N/A       77%         4
 Animate Dead             Necr           0%         N/A       96%         4
 Agony                    Necr           0%         N/A       100%        5


Dungeon Overview and Level Annotations

Branches:
Dungeon (5/15)
 Temple: D:4-7

Altars:
Sif Muna
Vehumet

Shops:
D:3 !

Annotations:
D:3 exclusion: ice beast


Innate Abilities, Weirdness & Mutations

You regenerate a lot of health from kills.


Message History

The endoplasm is almost dead.
The adder skeleton bites you. The endoplasm hits you.
You hit the endoplasm but do no damage.
The endoplasm is almost dead.
The adder skeleton barely misses you.
You hit the endoplasm.
You kill the endoplasm!
Sif Muna accepts your kill. The adder skeleton barely misses you.
You barely miss the adder skeleton. The adder skeleton closely misses you.
You hit the adder skeleton but do no damage.
The adder skeleton bites you.
You barely miss the adder skeleton. The adder skeleton bites you.
You hit the adder skeleton.
The adder skeleton is heavily damaged.
The adder skeleton closely misses you. The adder skeleton barely misses you.
You hit the adder skeleton.
The adder skeleton is almost destroyed.
The adder skeleton bites you.
You hit the adder skeleton.
You destroy the adder skeleton!
Sif Muna accepts your kill.
There is a stone staircase leading down here.
You climb downwards.
You hear the sound of rushing water.
There is an entrance to a sewer on this level.
Hurry and find it before the portal rusts away!
You hear the slow rusting of a very distant drain.
An iguana, a jelly, an ogre and a phantom come into view.
Found a scroll labelled HILOAR LOOVOCK, 11 arrows and a long gold wand.
There is a stone staircase leading up here.
The helpless ogre fails to defend itself.
You impale the ogre!!
The ogre is almost dead.
The ogre hits you with a +0 giant club!!
* * * LOW HITPOINT WARNING * * *
The iguana hisses angrily.
The jelly quivers.
You feel better.
The ogre hits you with a +0 giant club!!
You die...

...Z.. ......
......#
.......##
.?......##
.........##
..........##
......O@...#
............#
............#
..l..........#
.......(.....#
..J../W......#
.............#
..............


You could see a phantom, an ogre, an iguana, a jelly and a water moccasin zombie
(wandering).

Vanquished Creatures
  2 ogres
  A scorpion (D:4)
  A hound (D:2)
  Jessica (D:2)
  2 orc wizards
  4 gnolls (D:2)
  5 adders
  A river rat (D:3)
  3 adder skeletons (D:4)
  2 worms (D:2)
  2 dart slugs
  8 orcs
  12 ball pythons
  8 bats
  5 endoplasms
  4 giant cockroaches
  7 goblins
  6 hobgoblins
  8 jackals
  3 quokkas
  11 kobolds
  4 rats
100 creatures vanquished.

Notes
Turn   | Place    | Note
-------+----------+-------------------------------------------
     0 | D:1      | freelancePsychic the Demonspawn Brigand began the quest for
                  | the Orb.
     0 | D:1      | Reached XP level 1. HP: 16/16 MP: 1/1
   115 | D:1      | Gained mutation: You regenerate a little health from kills.
                  | [demonic ancestry]
   115 | D:1      | Reached XP level 2. HP: 23/23 MP: 2/2
   252 | D:1      | Found a faded altar of an unknown god.
   309 | D:1      | Became a worshipper of Sif Muna the Loreminder
   309 | D:1      | Reached * piety under Sif Muna
   603 | D:1      | Gained mutation: You regenerate health from kills. [demonic
                  | ancestry]
   603 | D:1      | Reached XP level 3. HP: 28/28 MP: 3/3
   672 | D:2      | Reached skill level 1 in Invocations
   739 | D:2      | Found a radiant altar of Vehumet.
  1150 | D:2      | Reached skill level 1 in Transmutations
  1150 | D:2      | Reached skill level 1 in Poison Magic
  1250 | D:2      | Gained mutation: You regenerate a lot of health from kills.
                  | [demonic ancestry]
  1250 | D:2      | Reached XP level 4. HP: 34/34 MP: 4/4
  1260 | D:2      | Learned a level 3 spell: Spider Form
  1303 | D:2      | Reached ** piety under Sif Muna
  1705 | D:2      | Reached XP level 5. HP: 37/40 MP: 5/5
  1822 | D:2      | Noticed Jessica
  1834 | D:2      | Killed Jessica
  2057 | D:3      | Found a glowing drain.
  2613 | D:3      | Found Ikhaat's Distillery.
  2707 | D:3      | Noticed an ice beast
  3290 | D:4      | Reached skill level 1 in Unarmed Combat
  3290 | D:4      | Reached XP level 6. HP: 23/46 MP: 2/6
  4090 | D:4      | Reached *** piety under Sif Muna
  4380 | D:5      | Entered Level 5 of the Dungeon
  4551 | D:5      | Reached XP level 7. HP: 41/52 MP: 3/7
  4620 | D:5      | HP: 2/52 [ogre (24)]
  4621 | D:5      | Mangled by an ogre

Illustrated notes

Levels and vault maps discovered:
D:1:      ebering_hopf_link, layout_loops_cross, basic_ecumenical_altar
D:2:      layout_basic, basic_altar, uniq_jessica
D:3:      layout_loops_corners, portal_sewer_entry_c, serial_shops,
          shop_fountains, minmay_stone_trees_large, minmay_misc_feat_square,
          minmay_statues_item, dk_vineyard_2
D:4:      layout_rooms
D:5:      layout_layer_cave, marbit_many_paths, gup_sewer_entry_spiral,
          chequers_serial_rivers_large_a, hellmonk_bongcloud_opening,
          uniq_duvessa, uniq_grinder

Skill      XL: |  1  2  3  4  5  6 |
---------------+-------------------+-----
Throwing       | 2 |  2.3
Invocations    | 1 |  1.0
Transmutations | 1 2 3 |  3.9
Poison Magic   | 1 2 |  2.9
Unarmed Combat | 1 2 |  2.9
Fighting       | 3 |  3.3
Short Blades   | |  1.7
Dodging        | |  0.8
Stealth        | |  3.6
Spellcasting   | |  0.3

Action                   |  1- 3 |  4- 6 |  7- 9 || total
-------------------------+-------+-------+-------++-------
Melee: Dagger            |    54 |   169 |    20 ||   243
       Unarmed           |       |    37 |     4 ||    41
       Punch             |       |     1 |       ||     1
Throw: Dart              |    16 |    78 |       ||    94
 Cast: Spider Form       |       |     9 |       ||     9
  Use: Scroll            |     2 |     9 |       ||    11
       Potion            |       |     2 |     1 ||     3
 Stab: Sleeping          |     7 |     6 |     1 ||    14
Armor: Robe              |    11 |    48 |     1 ||    60
       Skin              |       |     5 |       ||     5
Dodge: Dodged            |    25 |   131 |    11 ||   167

Table legend: (Time is in decaauts)
 A = Elapsed time spent in this place.
 B = Non-inter-level travel time spent in this place.
 C = Inter-level travel time spent in this place.
 D = Time resting spent in this place.
 E = Time spent auto-exploring this place.
 F = Levels seen in this place.
 G = Mean time per level.
                   A        B        C        D        E       F      G
               +--------+--------+--------+--------+--------+-----+--------+
         Total |   4597 |   4378 |    219 |    820 |   2501 |   5 |  919.4 |
       Dungeon |   4597 |   4378 |    219 |    820 |   2501 |   5 |  919.4 |
               +--------+--------+--------+--------+--------+-----+--------+

Top non-repeatable levels by time:
     D:3: 1406 daAuts
     D:2: 1156 daAuts
     D:4: 1144 daAuts
     D:1: 828 daAuts
     D:5: 61 daAuts
